Map: Emerald City LE

Players

parru - Winner!

  • Race: Protoss Protoss
  • Spawn Location: 5:00

yonosdadsf - Winner!

  • Race: Zerg Zerg
  • Spawn Location: 5:00

Massa

  • Race: Terran Terran
  • Spawn Location: 11:00

qqq

  • Race: Protoss Protoss
  • Spawn Location: 11:00

VOD

Have the link to the VOD?

Description

Time

  • Played on: June 10, 2020, 7:36 a.m.
  • Length: 3:38
Show
View Real Time Build Order
Export as new Build Order

parru Protoss - Winner!

Build Orders:  

Get SALT Encoding   

  12  0:13  Pylon  
  12  0:15  Probe  
  13  0:24  Probe  
  14  0:32  Probe  
  15  0:46  Forge  
  15  0:58  Pylon  
  15  1:08  Pylon  
  10  1:49  Photon Cannon  
  10  1:55  Probe  
  11  2:03  Probe, Photon Cannon  
  12  2:27  Photon Cannon  
  12  2:48  Photon Cannon  
  12  3:13  Probe  
  12  3:15  Photon Cannon  
  13  3:21  Probe  
Show
View Real Time Build Order
Export as new Build Order

yonosdadsf Zerg - Winner!

Build Orders: Pool Only 

Get SALT Encoding   

  12  0:18  Spawning Pool  
  11  0:22  Drone  
  11  0:27  Drone  
  13  0:30  Extractor  
  12  0:39  Overlord  
  12  1:05  Zergling x6  
  12  1:10  Queen  
  17  1:17  Zergling x2  
  18  1:32  Metabolic Boost  
  18  1:35  Zergling x2  
  18  1:43  Zergling x2  
  19  1:48  Zergling x2  
  20  2:00  Overlord  
  20  2:09  Zergling x2  
  21  2:19  Zergling x4  
  21  2:20  Zergling x2  
  21  2:37  Zergling x4  
  21  2:54  Zergling x8  
  24  3:02  Zergling x2  
  24  3:14  Zergling x2  
Show
View Real Time Build Order
Export as new Build Order

Massa Terran 

Build Orders:  

Get SALT Encoding   

  12  0:11  Supply Depot  
  12  0:13  SCV  
  13  0:25  SCV  
  14  0:34  Barracks  
  14  0:37  SCV  
  15  0:49  SCV  
  16  0:54  Supply Depot  
  16  1:01  SCV  
  17  1:11  Barracks  
  17  1:13  SCV  
  18  1:25  SCV, Marine  
  20  1:38  SCV  
  21  1:42  Marine  
  22  1:55  Barracks  
  22  2:00  Marine  
  23  2:01  Marine  
  24  2:09  Barracks  
  24  2:14  Refinery  
  24  2:18  Marine  
  24  2:19  Marine  
  26  2:36  Marine  
  26  2:37  Marine  
  24  3:14  Marine  
  24  3:16  Marine  
  24  3:19  Marine  
  23  3:32  Refinery  
Show
View Real Time Build Order
Export as new Build Order

qqq Protoss 

Build Orders:  

Get SALT Encoding   

  12  0:05  Probe  
  13  0:18  Probe  
  14  0:31  Pylon  
  14  0:52  Probe  
  11  1:39  Probe  
  4  1:52  Probe  
  5  2:05  Probe  
  6  2:32  Gateway  
  6  3:01  Probe  
  6  3:13  Probe  
  7  3:25  Probe  
Tags
 
Add a new tag
Caveats
  • Supply blocks, unpowered buildings, or Contaminate may cause inaccurate times.
  • Supply counts are checked every 10 seconds.